 Dungeon Crawl Stone Soup version 0.25-a0-413-g3b4b6a4 (webtiles) character file.

Game seed: 10764714766852107201, levelgen mode: deterministic

5838 Firecrotchwizard the Basher (level 10, -6/104 HPs)
             Began as a Troll Berserker on Jan 16, 2020.
             Was an Elder of Trog.
             Mangled by an orc warrior
             ... wielding a +0 war axe
              (17 damage)
             ... in a bailey on Jan 17, 2020.
             The game lasted 00:16:30 (6751 turns).

Firecrotchwizard the Basher (Troll Berserker)       Turns: 6751, Time: 00:16:30

Health: -6/104     AC:  8    Str: 27    XL:     10   Next: 51%
Magic:  9/9        EV: 10    Int:  6    God:    Trog [****..]
Gold:   383        SH:  0    Dex:  9    Spells: 9/9 levels left

rFire    x . .     SeeInvis +   I - +0 dire flail
rCold    + . .     Gourm    +   (shield currently unavailable)
rNeg     . . .     Faith    +   y - +2 robe "Adoleom" {+Fly rF- SInv}
rPois    +         Spirit   .   (helmet restricted)
rElec    .         Reflect  .   (no cloak)
rCorr    .         Harm     .   (gloves unavailable)
MR       ++...                  (boots unavailable)
Stlth    +.........             w - amulet of faith {Faith, !P}
HPRegen  1.67/turn              J - ring of protection from cold {rC+, !d}
MPRegen  0.11/turn              F - ring of poison resistance {rPois, !d}

@: berserk cooldown, regenerating, slowed, very slow
A: large, unfitting armour, claws 3, fast metabolism 3, gourmand, regeneration
1, shaggy fur 1, tough skin 3
a: Berserk, Trog's Hand, Brothers in Arms, Renounce Religion, Evoke Flight


You were in a bailey.
You worshipped Trog.
Trog was greatly pleased with you.
You were very full.

You visited 1 branch of the dungeon, and saw 8 of its levels.
You also visited: Ossuary and Bailey.

You collected 383 gold pieces.

Inventory:

Hand Weapons
 a - a +0 mace
 j - a +2 whip of venom
   (You found it on level 2 of the Dungeon)
 I - a +0 dire flail (weapon)
   (You took it off a two-headed ogre on level 8 of the Dungeon)
 L - a +0 giant spiked club
   (You took it off a two-headed ogre on level 8 of the Dungeon)
Armour
 b - a +1 animal skin
 y - the +2 robe "Adoleom" (worn) {+Fly rF- SInv}
   (You found it on level 5 of the Dungeon)

   It makes you vulnerable to fire.
   It lets you see invisible.
   It lets you fly.
Jewellery
 p - an uncursed ring of flight {+Fly, !d}
   (You found it on level 3 of the Dungeon)
 u - a +1 ring of protection
   (You found it on level 3 of the Dungeon)
 w - an amulet of faith (around neck) {Faith, !P}
   (You found it on level 4 of the Dungeon)
 F - a ring of poison resistance (right claw) {rPois, !d}
   (You found it on level 7 of the Dungeon)
 J - a ring of protection from cold (left claw) {rC+, !d}
   (You found it on level 8 of the Dungeon)
Wands
 G - a wand of disintegration (8)
   (You found it on level 7 of the Dungeon)
 H - a wand of acid (4)
   (You found it on level 7 of the Dungeon)
Scrolls
 e - 2 scrolls of blinking {unknown}
 h - 3 scrolls of remove curse
 i - 2 scrolls of teleportation
 l - 6 scrolls of identify
 E - a scroll of enchant weapon {unknown}
Potions
 d - 2 potions of resistance
 f - 3 potions of mutation {unknown}
 k - a potion of curing
 m - 3 potions of brilliance {unknown}
 n - 6 potions of magic {unknown}
 o - 3 potions of ambrosia {unknown}
 q - a potion of berserk rage {unknown}
 s - a potion of cancellation {unknown}
 t - 6 potions of haste {unknown}
 x - a potion of might {unknown}
 z - 2 potions of agility {unknown}
 B - a potion of heal wounds {unknown}
Comestibles
 c - 20 rations
 K - a chunk of flesh {@w0}


   Skills:
 + Level 8.1 Fighting
 * Level 12.0 Maces & Flails
 - Level 2.4 Dodging


You had 9 spell levels left.
You didn't know any spells.
Your spell library was empty.

Dungeon Overview and Level Annotations

Branches:
Dungeon (8/15)             Temple (0/1) D:4            Lair (0/6) D:8
Ossuary (visited)          Bailey (1/1)

Altars:
Dithmenos
Fedhas
Nemelex Xobeh
Vehumet
Xom

Shops:
D:7 (


Innate Abilities, Weirdness & Mutations

You are too large for most types of armour.
You have claws for hands.
Your metabolism is lightning-fast.
You like to eat raw meat.
Your natural rate of healing is unusually fast.
You are covered in fur. (AC +1)
You have extremely tough skin. (AC +3)


Message History

The kobold throws a boomerang.
The boomerang hits you.
The weapon returns to the kobold!
The orc knight hits you with a +0 war axe!
* * * LOW HITPOINT WARNING * * *
The goblin barely misses you. The gnoll hits you with a +0 hand axe!
* * * LOW HITPOINT WARNING * * *
You now have 33/156 hp.
You impale the orc knight!!
You kill the orc knight!
Trog accepts your kill.
Your Maces & Flails skill increases to level 12!
The kobold throws a boomerang.
The boomerang hits you.
* * * LOW HITPOINT WARNING * * *
The weapon returns to the kobold!
The kobold throws a boomerang.
The boomerang barely misses you.
The weapon returns to the kobold!
The kobold throws a boomerang.
The boomerang barely misses you.
The weapon returns to the kobold!
You closely miss the goblin. The goblin hits you but does no damage.
The gnoll hits you but does no damage.
The kobold throws a boomerang.
The boomerang hits you.
* * * LOW HITPOINT WARNING * * *
The weapon returns to the kobold!
You take 2 damage, and have 31/156 hp.
You hit the goblin.
You kill the goblin!
Trog accepts your kill.
The kobold throws a boomerang.
The boomerang hits you but does no damage.
The weapon returns to the kobold!
The kobold throws a boomerang.
The boomerang barely misses you.
The weapon returns to the kobold!
The kobold throws a boomerang.
The boomerang misses you.
The weapon returns to the kobold!
The goblin hits you with a +0 hand axe.
* * * LOW HITPOINT WARNING * * *
The gnoll closely misses you.
Items here: )) [[ †† a cursed -1 hand axe; a +0 leather armour; a +0 war axe; a +0 ring mail a goblin corpse; an orc corpse You take 4 damage, and have 28/156 hp.
You slam the door shut with a bang!
You feel a strong urge to attack something.
You hear a shout! x9
You skewer the goblin like a kebab!!!
You kill the goblin!
Trog accepts your kill. The gnoll hits you with a +0 hand axe.
* * * LOW HITPOINT WARNING * * *
An orc warrior opens the door.
An orc warrior comes into view. It is wielding a +0 war axe.
A gnoll comes into view. It is wielding a +0 hand axe.
A goblin comes into view. It is wielding a +0 hand axe.
An orc knight comes into view. It is wielding a +0 war axe.
You take 1 damage, and have 28/156 hp.
You puncture the gnoll!
You kill the gnoll!
Trog accepts your kill.
A goblin comes into view. It is wielding a +0 hand axe.
The orc knight roars a battlecry!
The orc warriors go into a battle-frenzy!
You are too berserk!
You are no longer berserk.
You are exhausted.
You feel yourself slow down.
A gnoll comes into view. It is wielding a +0 hand axe.
You now have 20/104 hp.
Aim: an orc warrior, wielding a +0 war axe and wearing a +0 plate armour (unusually strong)
The bolt of acid misses the orc warrior.
The bolt of acid hits the orc warrior.
The orc warrior is splashed with acid.
The acid corrodes the orc warrior!
You hear a shout!
The orc warrior misses you.
A gnoll comes into view. It is wielding a +0 hand axe.
A hobgoblin comes into view. It is wielding a +0 war axe.
You regained 3 hp, and now have 23/104 hp.
Aim: an orc warrior, wielding a +0 war axe and wearing a +0 plate armour (unusually strong)
The bolt of acid hits the orc warrior!
The orc warrior is splashed with acid.
The bolt of acid hits the goblin!
The goblin is splashed with acid.
The acid corrodes the goblin!
You kill the goblin!
Trog accepts your kill.
The bolt of acid hits the orc warrior!
The orc warrior is splashed with acid!
The orc warrior seems to be corroded for longer.
A gnoll comes into view. It is wielding a +0 hand axe.
The orc warrior closely misses you.
A goblin comes into view. It is wielding a +0 war axe.
You regained 2 hp, and now have 25/104 hp.
Aim: an orc warrior, wielding a +0 war axe and wearing a +0 plate armour (severely wounded, unusually strong)
The bolt of acid hits the orc warrior.
The orc warrior is splashed with acid.
The acid corrodes the orc warrior!
The bolt of acid misses the hobgoblin.
The bolt of acid hits the orc knight!
The orc knight is splashed with acid.
The orc warrior hits you with a +0 war axe!!
* * * LOW HITPOINT WARNING * * *
The gnoll closely misses you.
An orc comes into view. It is wielding a +0 war axe.
You take 15 damage, and have 10/104 hp.
You feel better. The gnoll hits you with a +0 hand axe.
* * * LOW HITPOINT WARNING * * *
The hobgoblin closely misses you.
The orc warrior hits you with a +0 war axe!
You die...

#'###≈.≈###+#
#....≈.≈....#
#'###≈.≈###'#
#...K≈.≈K...#
#'###≈.≈###'#
#....≈.≈KK..#
######+######
#)))# #o@.#


#gog# ##)## ogg g8o #...# ##.## ... You could see an orc knight, 2 orc warriors,
2 gnolls, an orc, a hobgoblin and 2 goblins.

Vanquished Creatures
  2 two-headed ogres (D:8)
  Pikel (D:7)
  An orc knight (Bailey)
  A hornet (D:8)
  2 hippogriffs
  A wyvern (D:8)
  A basilisk (D:8)
  2 porcupines (D:8)
  Duvessa (D:7)
  2 slaves (D:7)
  An ice beast (D:7)
  A water moccasin (D:6)
  A sky beast (D:6)
  2 black bears
  An orc warrior (D:6)
  A phantom (D:8)
  An ogre (D:8)
  3 centaurs (D:6)
  A crocodile (D:8)
  2 bullfrogs
  A water moccasin zombie (D:8)
  Dowan (D:7)
  A scorpion (D:6)
  2 killer bees (D:8)
  2 howler monkeys (D:5)
  A centaur zombie (D:8)
  2 crimson imps
  2 human zombies (Ossuary)
  4 orc priests
  4 hounds
  Jessica (D:2)
  Natasha (twice) (D:2)
  2 iguanas
  5 orc wizards
  2 worker ants
  3 big kobold zombies (Ossuary)
  A hound zombie (D:6)
  A hound skeleton (D:8)
  2 mummies (Ossuary)
  12 gnolls
  6 adders
  2 shadow imps
  2 oozes (D:5)
  2 adder zombies (Ossuary)
  2 adder skeletons (D:6)
  4 worms
  5 dart slugs
  4 leopard geckos
  21 orcs
  A ball python (D:4)
  3 giant cockroaches
  9 goblins
  5 hobgoblins
  10 jackals
  2 quokkas
  4 bats
  5 frilled lizards
  9 hobgoblin zombies (Ossuary)
  A jackal zombie (Ossuary)
  9 kobolds
  9 kobold zombies (Ossuary)
  A leopard gecko skeleton (D:4)
  7 orc zombies (Ossuary)
  6 rats
  3 rat zombies (Ossuary)
211 creatures vanquished.

Vanquished Creatures (others)
  A big kobold (D:8)
  2 orc wizards (D:7)
  An orc priest (D:7)
  A worker ant (D:8)
  A quokka (D:7)
  A bush (D:8)
  3 fungi (D:8)
  11 plants (D:8)
21 creatures vanquished.

Grand Total: 232 creatures vanquished

Notes
Turn   | Place    | Note
-------+----------+-------------------------------------------
     0 | D:1      | Firecrotchwizard the Troll Berserker began the quest for
                  | the Orb.
     0 | D:1      | Reached XP level 1. HP: 22/22 MP: 0/0
    97 | D:1      | You fall into a shaft and drop 1 floor!
   101 | D:2      | Reached skill level 3 in Maces & Flails
   166 | D:1      | Reached XP level 2. HP: 26/29 MP: 1/1
   481 | D:1      | You fall into a shaft and drop 1 floor!
   590 | D:2      | Found a shadowy altar of Dithmenos.
   600 | D:2      | HP: 7/29 [worm (9)]
   654 | D:2      | Found a shimmering altar of Xom.
   762 | D:2      | Reached XP level 3. HP: 36/36 MP: 2/2
  1024 | D:2      | Reached ** piety under Trog
  1042 | D:2      | Noticed Natasha
  1044 | D:2      | Noticed Jessica
  1048 | D:2      | Killed Natasha
  1048 | D:2      | Reached skill level 3 in Fighting
  1060 | D:2      | Killed Jessica
  1060 | D:2      | Reached skill level 4 in Maces & Flails
  1060 | D:2      | Reached XP level 4. HP: 38/45 MP: 3/3
  1225 | D:2      | Noticed Natasha
  1233 | D:2      | Killed Natasha
  1402 | D:3      | Reached XP level 5. HP: 53/53 MP: 4/4
  1465 | D:3      | Reached skill level 5 in Maces & Flails
  1598 | D:3      | Reached XP level 6. HP: 62/62 MP: 5/5
  1895 | D:3      | Reached skill level 4 in Fighting
  2148 | D:4      | Found a staircase to the Ecumenical Temple.
  2272 | D:4      | Reached *** piety under Trog
  2404 | D:4      | Found a sand-covered staircase.
  2409 | Ossuary  | Entered an ossuary
  2552 | Ossuary  | Reached skill level 6 in Maces & Flails
  2614 | Ossuary  | Reached **** piety under Trog
  2679 | Ossuary  | Reached XP level 7. HP: 59/70 MP: 6/6
  3050 | D:5      | Entered Level 5 of the Dungeon
  3147 | D:5      | Reached skill level 7 in Maces & Flails
  3165 | D:5      | Got an opalescent robe
  3191 | D:5      | Identified the +2 robe "Adoleom" {+Fly rF- SInv} (You found
                  | it on level 5 of the Dungeon)
  3544 | D:5      | Found a sparkling altar of Nemelex Xobeh.
  4158 | D:6      | Reached skill level 5 in Fighting
  4168 | D:6      | Reached XP level 8. HP: 49/80 MP: 7/7
  4375 | D:6      | Reached skill level 8 in Maces & Flails
  4396 | D:6      | Reached ***** piety under Trog
  4396 | D:6      | Received a gift from Trog
  4717 | D:6      | Reached skill level 6 in Fighting
  4717 | D:6      | Reached skill level 9 in Maces & Flails
  4851 | D:6      | Identified the cursed +1 rapier of Darkness {drain, rN+}
  5047 | D:7      | Noticed Dowan
  5049 | D:7      | Noticed Duvessa
  5067 | D:7      | HP: 24/124 [Duvessa/+6 rapier of electrocution (16)]
  5067 | D:7      | HP: 9/124 [Duvessa/+6 rapier of electrocution (15)]
  5069 | D:7      | Killed Duvessa
  5170 | D:7      | Killed Dowan
  5253 | D:7      | Reached XP level 9. HP: 65/89 MP: 8/8
  5324 | D:7      | Found Yrpho's Weapon Boutique.
  5410 | D:7      | Found a blossoming altar of Fedhas.
  5510 | D:7      | Noticed Pikel
  5543 | D:7      | Killed Pikel
  5543 | D:7      | Reached skill level 10 in Maces & Flails
  6017 | D:8      | Found a radiant altar of Vehumet.
  6033 | D:8      | HP: 20/92 [wyvern (16)]
  6035 | D:8      | Reached skill level 7 in Fighting
  6261 | D:8      | Noticed a two-headed ogre
  6267 | D:8      | Killed a two-headed ogre
  6267 | D:8      | Reached skill level 11 in Maces & Flails
  6267 | D:8      | Reached XP level 10. HP: 102/102 MP: 9/9
  6375 | D:8      | Paralysed by a hornet for 2 turns
  6548 | D:8      | Noticed a two-headed ogre
  6561 | D:8      | Killed a two-headed ogre
  6580 | D:8      | Found a staircase to the Lair.
  6646 | D:8      | Reached skill level 8 in Fighting
  6671 | D:8      | Found a flagged portal.
  6698 | Bailey   | Entered a bailey
  6729 | Bailey   | Noticed an orc knight
  6739 | Bailey   | HP: 33/156 [gnoll/+0 hand axe (9)]
  6740 | Bailey   | Killed an orc knight
  6740 | Bailey   | Reached skill level 12 in Maces & Flails
  6745 | Bailey   | HP: 28/156 [gnoll/+0 hand axe (2)]
  6746 | Bailey   | Noticed an orc knight
  6750 | Bailey   | HP: 10/104 [orc warrior/+0 war axe (18)]
  6751 | Bailey   | Mangled by an orc warrior

Levels and vault maps discovered:
D:1:      dpeg_arrival_erosion, layout_basic
D:2:      layout_loops_cross, minitemple, first_ration, uniq_jessica,
          uniq_natasha
D:3:      minmay_skewed_foursquare, layout_basic
D:4:      layout_rooms, temple_statues, nicolae_ossuary_entry_plus
D:5:      layout_layer_cave, nemelex_xobeh_ov_fountains_minmay
D:6:      layout_gridville
D:7:      layout_rooms, kennysheep_mini, serial_shops, nicolae_shop_trees,
          uniq_duvessa, uniq_pikel
D:8:      layout_basic, fiery_altar_vehumet, minmay_lair_entry_grove,
          enter_bailey_7
Bailey:   bailey_axe_1, bailey

Skill      XL: |  1  2  3  4  5  6  7  8  9 10 |
---------------+-------------------------------+-----
Maces & Flails | 3 4 5 6 7 9 11 12 | 12.0
Fighting       | 3 4 5 6 7 8 |  8.1
Dodging        | |  2.4

Action                   |  1- 3 |  4- 6 |  7- 9 | 10-12 || total
-------------------------+-------+-------+-------+-------++-------
Melee: Mace              |    68 |       |       |       ||    68
       Whip              |    30 |   269 |   430 |       ||   729
       Dire flail        |       |       |       |    64 ||    64
Invok: Berserk           |     1 |       |     3 |     1 ||     5
       Trog's Hand       |       |     1 |     3 |     3 ||     7
Evoke: Wand              |       |       |     5 |     6 ||    11
  Use: Scroll            |     1 |     2 |       |     5 ||     8
       Potion            |       |       |       |     1 ||     1
 Stab: Sleeping          |       |       |     1 |       ||     1
  Eat: Chunk             |    13 |    17 |    31 |    11 ||    72
Armor: Animal skin       |    33 |    71 |    48 |       ||   152
       Robe              |       |       |   116 |    61 ||   177
Dodge: Dodged            |    58 |   116 |   178 |    94 ||   446

Table legend:
 A = Non-vault XP
 B = Vault XP
 C = Vault XP percentage of total XP
 D = Non-vault monster count
 E = Vault monster count
 F = Vault count percentage of total count
                 A         B        C        D         E       F
            +---------+---------+-------+---------+---------+-------
      Total |    5995 |    2345 |  28.1 |     150 |      59 |  28.2
            +---------+---------+-------+---------+---------+-------
        D:1 |      15 |       0 |   0.0 |      10 |       0 |   0.0
        D:2 |      89 |      73 |  45.1 |      21 |       2 |   8.7
        D:3 |     348 |       9 |   2.5 |      35 |       3 |   7.9
        D:4 |      89 |       0 |   0.0 |       9 |       0 |   0.0
        D:5 |     379 |       0 |   0.0 |      22 |       0 |   0.0
        D:6 |    1291 |       0 |   0.0 |      25 |       0 |   0.0
        D:7 |     677 |     905 |  57.2 |      10 |       3 |  23.1
        D:8 |    3107 |     503 |  13.9 |      18 |       8 |  30.8
    Ossuary |       0 |     244 | 100.0 |       0 |      38 | 100.0
     Bailey |       0 |     611 | 100.0 |       0 |       5 | 100.0
            +---------+---------+-------+---------+---------+-------

Levels and vault maps discovered:
D:1:      dpeg_arrival_erosion, layout_basic
D:2:      layout_loops_cross, minitemple, first_ration, uniq_jessica,
          uniq_natasha
D:3:      minmay_skewed_foursquare, layout_basic
D:4:      layout_rooms, temple_statues, nicolae_ossuary_entry_plus
D:5:      layout_layer_cave, nemelex_xobeh_ov_fountains_minmay
D:6:      layout_gridville
D:7:      layout_rooms, kennysheep_mini, serial_shops, nicolae_shop_trees,
          uniq_duvessa, uniq_pikel
D:8:      layout_basic, fiery_altar_vehumet, minmay_lair_entry_grove,
          enter_bailey_7
Bailey:   bailey_axe_1, bailey

Table legend:
 A = Turns spent in this place as a percentage of turns spent in the entire game.
 B = Non-inter-level travel turns spent in this place as a percentage of non-inter-level travel turns spent in the entire game.
 C = Inter-level travel turns spent in this place as a percentage of turns spent in this place.
 D = Turns resting spent in this place as a percentage of non-inter-level travel turns spent in this place.
 E = Turns spent auto-exploring this place as a percentage of non-inter-level travel turns spent in this place.
 F = Non-inter-level travel turns spent in this place divided by the number of levels of this place that you've seen.
                   A       B       C       D       E      F
               +-------+-------+-------+-------+-------+----------------------
         Total | 100.0 | 100.0 |   2.0 |  18.4 |  54.5 | 661.6
       Dungeon |  92.3 |  92.2 |   2.2 |  19.2 |  57.5 | 762.2
       Ossuary |   6.9 |   7.0 |   0.0 |   9.7 |  21.3 | 465.0
        Bailey |   0.8 |   0.8 |   0.0 |   0.0 |   7.5 |  53.0
               +-------+-------+-------+-------+-------+----------------------

Table legend:
 A = Kills in this place as a percentage of kills in entire the game.
 B = Kills by you in this place as a percentage of kills by you in the entire game.
 C = Kills by friends in this place as a percentage of kills by friends in the entire game.
 D = Other kills in this place as a percentage of other kills in the entire game.
 E = Experience gained in this place as a percentage of experience gained in the entire game.
 F = Experience gained in this place divided by the number of levels of this place that you have seen.
                   A       B       C       D       E      F
               +-------+-------+-------+-------+-------+----------------------
         Total | 100.0 | 100.0 |   N/A |   N/A | 100.0 | 834.0
       Dungeon |  79.4 |  79.4 |   N/A |   N/A |  89.7 | 935.6
       Ossuary |  18.2 |  18.2 |   N/A |   N/A |   2.9 | 244.0
        Bailey |   2.4 |   2.4 |   N/A |   N/A |   7.3 | 611.0
               +-------+-------+-------+-------+-------+----------------------
